 Dungeon Crawl Stone Soup version 0.30-a0-6-g7c9e10e132 (webtiles) character file.

Game seed: 1930142760323883665

72 drpainis the Sneak (level 4, 0/21 HPs)
             Began as a Spriggan Enchanter on Aug 22, 2022.
             Succumbed to an adder's poison
             ... on level 2 of the Dungeon.
             The game lasted 00:02:14 (1891 turns).

drpainis the Sneak (Spriggan Enchanter)             Turns: 1891, Time: 00:02:15

Health: 0/21       AC:  2    Str:  4    XL:     4   Next: 6%
Magic:  3/9        EV: 17    Int: 18    God:
Gold:   78         SH:  0    Dex: 15    Spells: 6/8 levels left

rFire   . . .      SeeInvis +    d - +2 dagger (venom)
rCold   . . .      Faith    .    (no shield)
rNeg    . . .      Spirit   .    b - +0 robe
rPois   .          Reflect  .    (helmet restricted)
rElec   .          Harm     .    (no cloak)
rCorr   .          Rampage  .    (gloves unavailable)
Will    .....                    (boots unavailable)
Stlth   +++.......               (no amulet)
HPRegen 0.07/turn                (no ring)
MPRegen 0.11/turn                (no ring)

@: lethally poisoned (0 -> -2), invisible, very quick
A: very small, no large weapons, unfitting armour, see invisible, speed 3
a: no special abilities


You were on level 2 of the Dungeon.
You visited 1 branch of the dungeon, and saw 2 of its levels.

You collected 78 gold pieces.

Inventory:

Hand Weapons
 a - a +1 dagger
 d - a +2 dagger of venom (weapon)
Armour
 b - a +0 robe (worn)
Scrolls
 e - a scroll of enchant armour {unknown}


   Skills:
 + Level 1.8 Short Blades
 + Level 3.1 Dodging
 + Level 5.8 Stealth
 + Level 2.9 Spellcasting
 + Level 4.5 Hexes


You had 6 spell levels left.
You knew the following spells:

 Your Spells              Type           Power      Damage    Failure   Level
a - Ensorcelled Hibernat  Hex/Ice        20%        N/A       10%         2

Your spell library contained the following spells:

 Spells                   Type           Power      Damage    Failure   Level
 Confusing Touch          Hex            19%        N/A       8%          3
 Tukima's Dance           Hex            19%        N/A       8%          3
 Dazzling Flash           Conj/Hex       20%        N/A       19%         3


Dungeon Overview and Level Annotations

Branches:
Dungeon (2/15)

Altars:


Innate Abilities, Weirdness & Mutations

You are very small and have problems with some larger weapons.
You are too small for most types of armour.
You have supernaturally acute eyesight. (SInv)
You cover ground extremely quickly. (Speed+++)


Message History

The adder misses you.
Casting: Ensorcelled Hibernation (safe; 10% risk of failure)
Confirm with . or Enter, or press ? or * to list all spells.
Aiming: Ensorcelled Hibernation (safe; 10% risk of failure)
Press: ? - help, Shift-Dir - straight line, f/p - adder
Aim: an adder (moderately wounded, very poisoned, chance to affect: 52%)
The adder resists with significant effort.
The adder completely misses you. The adder bites you but does no damage.
The quokka twitches its whiskers.
You closely miss the adder.
The adder is heavily wounded.
The adder bites you.
You are poisoned.
The adder poisons you!
You miss the adder.
The adder is heavily wounded.
You feel sick. The adder bites you.
You are lethally poisoned!
The adder poisons you!
Casting: Ensorcelled Hibernation (safe; 10% risk of failure)
Confirm with . or Enter, or press ? or * to list all spells.
Aiming: Ensorcelled Hibernation (safe; 10% risk of failure)
Press: ? - help, Shift-Dir - straight line, f/p - adder
Aim: an adder (severely wounded, very poisoned, chance to affect: 52%)
The adder looks drowsy...
You feel sick.
The quokka twitches its whiskers.
You feel sick.
You feel sick.
You fade into invisibility!
* * * LOW HITPOINT WARNING * * *
You feel sick.
You kill the adder!
You have reached level 4!
* * * LOW HITPOINT WARNING * * *
You feel sick.
* * * LOW HITPOINT WARNING * * *
You feel sick.
* * * LOW HITPOINT WARNING * * *
You feel sick.
You die...

#.........#.######.#)###
#....)....#....# #.#.#
#.........#..#.###.#)#
#..................#÷#
###..)####..##.#####)#####
#...# #..##........)..#
#...# #..##.#..########
#....# #.....#..####
.)......#.#...@..).#
........##.#..####.##
#......#....J..........#
###.......#†#######....#
#....#.##.# #.####
##...##.# #g# #.....!# #.#
#..r)..#


ggg #.....## #.# You could see an endoplasm.

Vanquished Creatures
  Robin (D:2)
  An adder (D:2)
  A dart slug (D:1)
  2 endoplasms (D:1)
  2 giant cockroaches (D:1)
  11 goblins
  10 hobgoblins
  4 jackals (D:1)
  2 kobolds
  A quokka (D:1)
  5 ball pythons
  2 bats (D:1)
  A rat (D:2)
43 creatures vanquished.

Notes
Turn   | Place    | Note
-------+----------+-------------------------------------------
     0 | D:1      | drpainis the Spriggan Enchanter began the quest for the
                  | Orb.
     0 | D:1      | Reached XP level 1. HP: 9/9 MP: 5/5
   170 | D:1      | Reached skill level 5 in Stealth
   172 | D:1      | Reached XP level 2. HP: 1/13 MP: 6/6
   970 | D:1      | Reached XP level 3. HP: 14/16 MP: 8/8
  1211 | D:2      | Noticed Robin
  1248 | D:2      | Learned a level 2 spell: Ensorcelled Hibernation
  1265 | D:2      | Killed Robin
  1886 | D:2      | Reached XP level 4. HP: 4/21 MP: 2/9
  1890 | D:2      | HP: 1/21 [poisoned by an adder]
  1891 | D:2      | Succumbed to an adder's poison

Illustrated notes

Levels and vault maps discovered:
D:1:      dpeg_arrival_rhombus, layout_basic
D:2:      layout_basic, basic_altar, uniq_robin, uniq_natasha

Skill      XL: |  1  2  3 |
---------------+----------+-----
Stealth        | 5 |  5.8
Hexes          | 4 |  4.5
Dodging        | 3 |  3.1
Short Blades   | |  1.8
Spellcasting   | |  2.9

Action                   |  1- 3 |  4- 6 || total
-------------------------+-------+-------++-------
Melee: Dagger            |    86 |       ||    86
 Cast: Ensorcelled Hiber |    12 |       ||    12
  Use: Potion            |     2 |       ||     2
 Stab: Sleeping          |    11 |       ||    11
       Invisible         |     2 |       ||     2
Armor: Robe              |     8 |       ||     8
Dodge: Dodged            |    67 |       ||    67

Table legend: (Time is in decaauts)
 A = Elapsed time spent in this place.
 B = Non-inter-level travel time spent in this place.
 C = Inter-level travel time spent in this place.
 D = Time resting spent in this place.
 E = Time spent auto-exploring this place.
 F = Levels seen in this place.
 G = Mean time per level.
                   A        B        C        D        E       F      G
               +--------+--------+--------+--------+--------+-----+--------+
         Total |   1570 |   1559 |     11 |    609 |    692 |   2 |  785.0 |
       Dungeon |   1570 |   1559 |     11 |    609 |    692 |   2 |  785.0 |
               +--------+--------+--------+--------+--------+-----+--------+

Top non-repeatable levels by time:
     D:1: 930 daAuts
     D:2: 639 daAuts
